 Dungeon Crawl Stone Soup version 0.29-a0-1047-g7c58e119a4 (webtiles) character file.

Game seed: 7476076404050470750

10 ytrimaz the Insei (level 2, 0/21 HPs)
             Began as a Demonspawn Transmuter on Aug 16, 2022.
             Killed from afar by a dart slug (3 damage)
             ... with a slug dart
             ... on level 1 of the Dungeon.
             The game lasted 00:00:17 (230 turns).

ytrimaz the Insei (Demonspawn Transmuter)            Turns: 230, Time: 00:00:17

Health: 0/21       AC:  2    Str: 10    XL:     2   Next: 10%
Magic:  5/5        EV:  9    Int: 14    God:
Gold:   16         SH:  4    Dex: 13    Spells: 4/5 levels left

rFire   . . .      SeeInvis .     - Unarmed
rCold   . . .      Faith    .   (no shield)
rNeg    . . .      Spirit   .   a - +0 robe
rPois   .          Reflect  .   (no helmet)
rElec   .          Harm     .   (no cloak)
rCorr   .          Rampage  .   (no gloves)
Will    .....                   (no boots)
Stlth   +.........              (no amulet)
HPRegen 0.07/turn               (no ring)
MPRegen 0.09/turn               (no ring)

@: constricted
A: condensation shield
a: no special abilities


You were on level 1 of the Dungeon.
You visited 1 branch of the dungeon, and saw 1 of its levels.

You collected 16 gold pieces.

Inventory:

Armour
 a - a +0 robe (worn)
Scrolls
 c - a scroll of immolation {unknown}
Potions
 b - a potion of lignification


   Skills:
 - Level 1.0 Fighting
 - Level 1.7 Dodging
 - Level 2.6 Unarmed Combat
 * Level 2.4 Spellcasting
 * Level 2.1 Transmutations


You had 4 spell levels left.
You knew the following spells:

 Your Spells              Type           Power      Damage    Failure   Level
a - Beastly Appendage     Tmut           14%        N/A       10%         1

Your spell library contained the following spells:

 Spells                   Type           Power      Damage    Failure   Level
 Wereblood                Tmut           7%         N/A       14%         2
 Spider Form              Tmut/Pois      4%         N/A       41%         3
 Ice Form                 Ice/Tmut       4%         N/A       82%         4


Dungeon Overview and Level Annotations

Branches:
Dungeon (1/15)

Altars:


Innate Abilities, Weirdness & Mutations

A meltable shield of frost defends you. (SH +4)


Message History

Unknown command.
You closely miss the kobold. Your kick misses the kobold.
The ball python barely misses you. x2; The kobold closely misses you.
You closely miss the kobold. You claw the kobold, but do no damage.
The ball python bites you. The ball python closely misses you.
The kobold closely misses you. The ball python completely misses you.
The ball python barely misses you.
You are too injured to fight recklessly!
You hit the kobold.
You kill the kobold!
The bat closely misses you. The ball python barely misses you.
The ball python grabs you. The ball python constricts you.
You block the bat's attack.
Unknown command.
You hit the bat.
You kill the bat!
Your horns disappear.
Your talons disappear.
You block the ball python's attack. The ball python constricts you.
You are too injured to fight recklessly!
Unknown command.
You hit the dart slug.
The dart slug is moderately wounded.
The ball python bites you but does no damage.
The ball python constricts you.
You are too injured to fight recklessly!
You hit the dart slug.
The dart slug is almost dead.
The dart slug launches a dart at you. The slug dart hits you.
The ball python barely misses you. The ball python constricts you.
Unknown command.
You hit the dart slug but do no damage.
The dart slug is almost dead.
The ball python bites you.
* * * LOW HITPOINT WARNING * * *
The ball python constricts you.
* * * LOW HITPOINT WARNING * * *
The dart slug launches a dart at you. The slug dart hits you.
You die...

####### .... .(.....#
.... ........ .....
......... .....
......... ......
....####. .....>####
#.....[.)
......S..#######.......#
......w@.)†.............
##.#####.####.##........
#$.............#.
##.....#.....####
##.....#.........
#.....##.....####
........###......###
.###....##.........##
#..........)..#..#


You could see a dart slug and a ball python.

Vanquished Creatures
  An endoplasm (D:1)
  3 kobolds (D:1)
  A quokka (D:1)
  3 ball pythons (D:1)
  3 bats (D:1)
11 creatures vanquished.

Notes
Turn   | Place    | Note
-------+----------+-------------------------------------------
     0 | D:1      | ytrimaz the Demonspawn Transmuter began the quest for the
                  | Orb.
     0 | D:1      | Reached XP level 1. HP: 15/15 MP: 3/3
   215 | D:1      | Gained mutation: A meltable shield of frost defends you.
                  | (SH +4) [demonic ancestry]
   215 | D:1      | Reached XP level 2. HP: 14/21 MP: 3/5
   230 | D:1      | Killed from afar by a dart slug

Illustrated notes

Levels and vault maps discovered:
D:1:      minmay_arrival_up_and_down, layout_rooms, basic_ecumenical_altar

Skill      XL: |  1 |
---------------+----+-----
Transmutations | 2 |  2.1
Fighting       | |  1.0
Dodging        | |  1.7
Unarmed Combat | |  2.6
Spellcasting   | |  2.4

Action                   || total
-------------------------++-------
Melee: Unarmed           ||    35
       Kick              ||     3
       Headbutt          ||     1
 Cast: Beastly Appendage ||     3
Armor: Robe              ||    15
Dodge: Dodged            ||    39
Block: Other             ||     3

Table legend: (Time is in decaauts)
 A = Elapsed time spent in this place.
 B = Non-inter-level travel time spent in this place.
 C = Inter-level travel time spent in this place.
 D = Time resting spent in this place.
 E = Time spent auto-exploring this place.
 F = Levels seen in this place.
 G = Mean time per level.
                   A        B        C        D        E       F      G
               +--------+--------+--------+--------+--------+-----+--------+
         Total |    228 |    228 |      0 |      0 |    160 |   1 |  228.0 |
       Dungeon |    228 |    228 |      0 |      0 |    160 |   1 |  228.0 |
               +--------+--------+--------+--------+--------+-----+--------+

Top non-repeatable levels by time:
     D:1: 228 daAuts
